 Dungeon Crawl Stone Soup version 0.31-a0-971-g75a2e9a4b4 (webtiles) character file.

Game seed: 12708990955945916131

938 Dordric the Changeling (level 8, -6/48 HPs)
             Began as an Octopode Shapeshifter on Oct 28, 2023.
             Mangled by an iguana (10 damage)
             ... on level 5 of the Dungeon.
             The game lasted 00:04:50 (3110 turns).

Dordric the Changeling (Octopode Shapeshifter)      Turns: 3110, Time: 00:04:50

Health: -6/48      AC:  3    Str: 15    XL:     8   Next: 12%
Magic:  8/8        EV: 13    Int: 13    God:
Gold:   213        SH:  0    Dex: 11    Spells: 7/7 levels left

rFire   . . .        d - melded +2 dagger (elec)
rCold   . . .        (shield currently unavailable)
rNeg    . . .        e - +2 hat
rPois   .            (no amulet)
rElec   .            p - ring of willpower
rCorr   .            (no ring)
SInv    .            (no ring)
Will    +....        (no ring)
Stlth   +            (no ring)
HPRegen 0.28/turn    (no ring)
MPRegen 0.11/turn    (no ring)
                     (no ring)

%: no passive effects
@: flux-form, glowing
A: glow, contaminating, almost no armour, amphibious, 8 rings, camouflage 1,
gelatinous body 1, (nimble swimmer 1), tentacles
a: Begin Untransformation


You were on level 5 of the Dungeon.
You were something dangerously unstable.
You visited 1 branch of the dungeon, and saw 5 of its levels.

You collected 213 gold pieces.

Inventory:

Hand Weapons
 d - a +2 dagger of electrocution (melded)
Missiles
 i - a throwing net
Armour
 e - a +2 hat (worn)
Jewellery
 k - a ring of ice
 p - a ring of willpower (left tentacle)
Talismans
 b - a beast talisman
 c - a flux talisman (active)
Wands
 u - a wand of mindburst (8)
Scrolls
 g - a scroll of identify
 h - a scroll of enchant weapon {unknown}
 j - 2 scrolls of teleportation
 l - 2 scrolls of fear
 m - a scroll of blinking {unknown}
 n - a scroll of noise {unknown}
 r - a scroll of vulnerability {unknown}
 t - a scroll of enchant armour {unknown}
 v - a scroll of revelation {unknown}
Potions
 a - 2 potions of lignification
 f - 2 potions of berserk rage
 o - 3 potions of mutation {unknown}
 q - a potion of heal wounds {unknown}
 s - a potion of magic {unknown}


   Skills:
 - Level 1.0 Fighting
 - Level 2.0 Dodging
 + Level 6.0 Unarmed Combat
 + Level 2.6 Evocations
 - Level 7.0 Shapeshifting


You had 7 spell levels left.
You didn't know any spells.
Your spell library contained the following spells:

 Spells                   Type           Power      Damage    Failure   Level
 Freeze                   Ice            0%         1d3       30%         1
 Sandblast                Erth           0%         2d4       30%         1
 Cigotuvi's Dreadful Rot  Necr/Pois/Air  0%         N/A       43%         2
 Sublimation of Blood     Necr           0%         N/A       43%         2
 Wereblood                Tmut           0%         N/A       43%         2
 Call Canine Familiar     Summ           0%         N/A       67%         3
 Frozen Ramparts          Ice            0%         1d1       67%         3
 Hailstorm                Conj/Ice       0%         3d3       67%         3
 Ignite Poison            Fire/Tmut/Pois 0%         N/A       67%         3
 Sigil of Binding         Hex            0%         N/A       67%         3
 Dimensional Bullseye     Hex/Tloc       0%         N/A       97%         4
 Leda's Liquefaction      Hex/Erth       0%         N/A       97%         4
 Freezing Cloud           Conj/Ice/Air   0%         6-21      100%        5
 Summon Hydra             Summ           0%         N/A       100%        7


Dungeon Overview and Level Annotations

Branches:
Dungeon (5/15)
 Temple: D:4-7

Altars:
Kikubaaqudgha
Makhleb
Okawaru

Shops:
D:1 *

Annotations:
D:3 3 runed translucent doors, pokeman's ghost, amateur DEHW


Innate Abilities, Weirdness & Mutations

You are something dangerously unstable.
You glow with magical radiation, making you easy to see and hit.
Foes you strike become dangerously contaminated with magical radiation.
You are incapable of wielding weapons or throwing items.
You cannot wear most types of armour.
You are amphibious.
You can wear up to eight rings at the same time.
Your skin changes colour to match your surroundings (Stealth+).
Your rubbery body absorbs attacks. (AC +1, EV +1)
((You are camouflaged when in or above water. (Stealth+)))
You have tentacles for arms and can constrict up to eight enemies at once.


Message History

The ogre hits you with a +0 giant spiked club!!
You tentacle-slap the ogre.
The ogre shudders as magic cascades through it!
You kill the ogre!
Your Unarmed Combat skill increases to level 6!
You closely miss the ice beast. You squeeze the ice beast.
The ice beast is moderately wounded.
The ice beast barely misses you.
You tentacle-slap the ice beast.
The ice beast begins to glow.
You squeeze the ice beast, but do no damage.
The ice beast is moderately wounded.
The ice beast hits you. The ice beast freezes you.
You tentacle-slap the ice beast but do no damage.
The ice beast glows dangerously bright.
The ice beast is moderately wounded.
You barely miss the ice beast. You squeeze the ice beast.
The ice beast is heavily wounded.
An iguana comes into view.
The ice beast hits you. The ice beast freezes you!
* * * LOW HITPOINT WARNING * * *
You tentacle-slap the ice beast.
The ice beast shudders as magic cascades through it.
The ice beast twists and deforms.
You squeeze the ice beast.
The ice beast is severely wounded.
An ice beast comes into view.
The ice beast completely misses you.
You closely miss the ice beast.
The ice beast is severely wounded.
The ice beast completely misses you.
The ice beast attacks as it pursues you!
The ice beast misses you.
Things that are here:
a howler monkey corpse; an adder corpse The ice beast attacks as it pursues you!
The ice beast barely misses you. The iguana attacks as it pursues you!
The iguana bites you.
* * * LOW HITPOINT WARNING * * *
There is a stone staircase leading up here.
The iguana bites you!
You die...

#.........# #......#
#.........# #......#
##.........# ##'#'#.#
...........# #.#.#.#
###.....[#'## #.#.#.#
####....##.# #.#...#
..........#####.#####
#..................+
#......Y..Ylp..#####
#.##.#.#########
#.....†# ####...#
.......).# ....#....#
... #...Y# .. .....#
. #.##..#


You could see 2 ice beasts and an iguana.

Vanquished Creatures
  Grinder (D:3)
  Sigmund (D:3)
  An ogre (D:5)
  A scorpion (D:4)
  A howler monkey (D:5)
  A vampire bat (D:4)
  2 hounds
  A jelly (D:4)
  Terence (D:3)
  An iguana (D:4)
  Natasha (thrice) (D:3)
  An orc wizard (D:3)
  3 adders
  5 worms
  2 dart slugs
  11 orcs
  A bat skeleton (D:4)
  4 bat zombies (D:4)
  5 endoplasms
  3 giant cockroaches
  8 goblins
  6 hobgoblins
  4 kobolds
  2 quokkas (D:2)
  7 ball pythons
  3 bats
  5 frilled lizards
  4 rats
88 creatures vanquished.

Notes
Turn   | Place    | Note
-------+----------+-------------------------------------------
     0 | D:1      | Dordric the Octopode Shapeshifter began the quest for the
                  | Orb.
     0 | D:1      | Reached XP level 1. HP: 13/13 MP: 1/1
    56 | D:1      | Found a faded altar of an unknown god.
    65 | D:1      | Got Plato's Precepts of Lithomancy
    89 | D:1      | Reached XP level 2. HP: 15/18 MP: 2/2
   167 | D:1      | Found Otuotwui's Assorted Antiques.
   955 | D:2      | Reached skill level 4 in Shapeshifting
   955 | D:2      | Reached XP level 3. HP: 8/23 MP: 3/3
   962 | D:2      | HP: 1/23 [worm (3)]
  1413 | D:2      | Reached XP level 4. HP: 24/28 MP: 4/4
  1583 | D:3      | Noticed Grinder
  1584 | D:3      | Upgraded the game from 0.31-a0-968-g24f9ace8b5 to
                  | 0.31-a0-971-g75a2e9a4b4
  1704 | D:3      | Killed Grinder
  1705 | D:3      | Reached skill level 6 in Shapeshifting
  1705 | D:3      | Reached XP level 5. HP: 17/33 MP: 5/5
  1705 | D:3      | Reached XP level 6. HP: 19/38 MP: 6/6
  1757 | D:3      | Noticed Terence
  1763 | D:3      | Killed Terence
  1865 | D:3      | Found a burning altar of Makhleb.
  1900 | D:3      | Noticed Sigmund
  1904 | D:3      | Killed Sigmund
  1905 | D:3      | Reached skill level 7 in Shapeshifting
  1905 | D:3      | Reached XP level 7. HP: 43/43 MP: 7/7
  2019 | D:3      | Noticed Natasha
  2025 | D:3      | Killed Natasha
  2139 | D:3      | Noticed Natasha
  2146 | D:3      | Killed Natasha
  2174 | D:3      | Found a runed translucent gate.
  2174 | D:3      | Found a runed translucent gate.
  2175 | D:3      | Found a runed translucent gate.
  2175 | D:3      | Noticed pokeman's ghost (amateur DEHW)
  2301 | D:3      | Noticed Natasha
  2307 | D:3      | Killed Natasha
  2584 | D:4      | Reached skill level 5 in Unarmed Combat
  2655 | D:4      | Found an iron altar of Okawaru.
  2786 | D:4      | Found an ancient bone altar of Kikubaaqudgha.
  2853 | D:4      | Reached skill level 1 in Evocations
  3008 | D:5      | Entered Level 5 of the Dungeon
  3093 | D:5      | Reached XP level 8. HP: 42/48 MP: 8/8
  3110 | D:5      | Mangled by an iguana

Illustrated notes

Levels and vault maps discovered:
D:1:      wander_arrival_fairy_ring, layout_basic, serial_shops,
          nicolae_shop_rolling_square, shapermc_ecumenical_altar_rom_forum
D:2:      layout_rooms
D:3:      layout_rooms, mainiacjoe_overflow_24_doors,
          gammafunk_ghost_nasty_kobolds, uniq_sigmund, uniq_natasha,
          uniq_grinder, uniq_terence
D:4:      layout_rooms, kennysheep_vampire_church, kennysheep_little_box,
          glass_columns_b
D:5:      layout_basic

Skill      XL: |  1  2  3  4  5  6  7  8 |
---------------+-------------------------+-----
Shapeshifting  | 4 6 7 |  7.0
Unarmed Combat | 5 6 |  6.0
Evocations     | 2 |  2.6
Fighting       | |  1.0
Dodging        | |  2.0

Action                     |  1- 3 |  4- 6 |  7- 9 || total
---------------------------+-------+-------+-------++-------
  Melee: Dagger            |    58 |    29 |       ||    87
         Unarmed           |     5 |       |   100 ||   105
         Constrict         |    12 |    10 |    25 ||    47
         Punch             |     1 |     1 |       ||     2
         Tentacles         |     4 |     8 |    34 ||    46
    Use: Scroll            |       |       |     3 ||     3
   Stab: Sleeping          |     6 |     1 |     1 ||     8
 Armour: Skin              |    19 |     4 |    40 ||    63
  Dodge: Dodged            |    33 |    15 |    58 ||   106
   Form: Flux              |       |       |     1 ||     1

Table legend: (Time is in decaauts)
 A = Elapsed time spent in this place.
 B = Non-inter-level travel time spent in this place.
 C = Inter-level travel time spent in this place.
 D = Time resting spent in this place.
 E = Time spent auto-exploring this place.
 F = Levels seen in this place.
 G = Mean time per level.
                   A        B        C        D        E       F      G
               +--------+--------+--------+--------+--------+-----+--------+
         Total |   3099 |   3016 |     83 |    216 |   2249 |   5 |  619.8 |
       Dungeon |   3099 |   3016 |     83 |    216 |   2249 |   5 |  619.8 |
               +--------+--------+--------+--------+--------+-----+--------+

Top non-repeatable levels by time:
     D:1: 881 daAuts
     D:2: 769 daAuts
     D:3: 741 daAuts
     D:4: 608 daAuts
     D:5: 99 daAuts
